 Dungeon Crawl Stone Soup version 0.13.0-5-g7e31f0a (webtiles) character file.

1528 Deemzul the Cleaver (level 8, -1/81 HPs)
             Began as an Octopode Berserker on Oct 14, 2013.
             Was a Priest of Trog.
             Slain by Duskembrace's ghost (9 damage)
             ... on Level 7 of the Dungeon.
             The game lasted 00:14:35 (4951 turns).

Deemzul the Cleaver (Octopode Berserker)            Turns: 4951, Time: 00:14:35

HP  -1/81        AC  1     Str 21      XL: 8   Next: 44%
MP   7/7         EV 13     Int 10      God: Trog [***...]
Gold 329         SH  0     Dex 13      Spells:  0 memorised,  7 levels left

Res.Fire  : . . .   See Invis. : .   a - +1,+0 hand axe {=f}
Res.Cold  : . . .   Warding    : .   (no shield)
Life Prot.: . . .   Conserve   : .   (helmet restricted)
Res.Poison: .       Res.Corr.  : .   t - amulet of resist mutation {unknown}
Res.Elec. : .       Clarity    : .   (no ring)
Sust.Abil.: . .     Spirit.Shd : .   (no ring)
Res.Mut.  : +       Stasis     : .   (no ring)
Res.Rott. : .       Flight     : .   (no ring)
Saprovore : . . .                    (no ring)
                                     (no ring)
                                     (no ring)
                                     (no ring)

@: berserking, very quick, slightly resistant to hostile enchantments, extremely
unstealthy
A: almost no armour, amphibious, 8 rings, constrict 8, camouflage 1, AC +1
a: Burn Spellbooks, Berserk, Trog's Hand, Renounce Religion


You were on level 7 of the Dungeon.
You worshipped Trog.
Trog was most pleased with you.
You were very hungry.

You visited 1 branch of the dungeon, and saw 8 of its levels.

You collected 309 gold pieces.

Inventory:

Hand weapons
 a - a +1,+0 hand axe (weapon) {=f}
 n - a +2 blowgun
Missiles
 h - 41 poisoned needles
Magical devices
 g - a wand of random effects (8)
 m - a wand of digging (20)
 w - a wand of random effects (4)
Comestibles
 c - 2 bread rations
 i - a rotting chunk of black bear flesh
 u - 2 meat rations
Scrolls
 b - 2 scrolls of recharging {unknown}
 f - a scroll of curse jewellery {unknown}
 l - a scroll of fog {unknown}
 o - 4 scrolls of identify
 p - 2 scrolls of teleportation {unknown}
 q - a scroll of curse armour {unknown}
 r - 2 scrolls of fear {unknown}
 s - 2 scrolls of remove curse
 v - a scroll of random uselessness {unknown}
 x - a scroll of blinking {unknown}
 A - 2 scrolls of amnesia {unknown}
 C - 2 scrolls of enchant armour {unknown}
 D - a scroll of curse weapon {unknown}
Jewellery
 j - an uncursed ring of teleportation
 t - an amulet of resist mutation (around mantle) {unknown}
 y - a -5 ring of protection
 B - a +3 ring of intelligence {unknown}
Potions
 d - 3 potions of heal wounds
 e - 3 potions of resistance
 k - a potion of poison
 z - 2 potions of curing


   Skills:
 - Level 3.5 Fighting
 * Level 9.9 Axes
 - Level 3.5 Dodging
 - Level 1.1 Stealth


You had 7 spell levels left.
You didn't know any spells.

Dungeon Overview and Level Annotations

Branches:
Dungeon (8/27)             Temple (0/1) D:5
    Orc: D:6-11        Lair: D:8-13

Altars:
Fedhas
Trog

Shops:
D:4 [   D:6 (

Annotations:
D:7 Duskembrace's ghost, experienced SpAK


Innate Abilities, Weirdness & Mutations

You cannot wear most types of armour.
You are amphibious.
You can wear up to eight rings at the same time.
You can use your tentacles to constrict many enemies at once.
Your skin changes colour to match your surroundings (Stlth).
Your rubbery body absorbs attacks (AC +1).


Message History

Duskembrace's ghost is lightly damaged.
You closely miss Duskembrace's ghost.
Your squeeze misses Duskembrace's ghost.
Duskembrace's ghost is lightly damaged.
Your ogre hits Duskembrace's ghost with a giant spiked club!
Duskembrace's ghost hits you!
* * * LOW HITPOINT WARNING * * *
You slash Duskembrace's ghost!
Duskembrace's ghost is almost destroyed.
Duskembrace's ghost hits you.
* * * LOW HITPOINT WARNING * * *
Your ogre completely misses Duskembrace's ghost.
Duskembrace's ghost hits your ogre.
You feel a strong urge to attack something.
Your ogre completely misses Duskembrace's ghost.
You closely miss Duskembrace's ghost.
Your squeeze misses Duskembrace's ghost.
Duskembrace's ghost is almost destroyed.
Duskembrace's ghost hits you!
You die...

#.......## #.......#.
#.......#) #. #.......#) #.
##########'#.#.
#.##########..........#.#.
##.....................#.#.
#..........###########.#.#.
#........O@# #.#.#.
#.(......p.# #...##
#.....####.# ######
#.#.....##.# ....
#..##.##.# ... #..##.##.#
.## #..#.....# ####.
#..#####.# ...#<### ....
#.# #......


You could see Duskembrace's ghost and a friendly ogre (berserk).

Vanquished Creatures
  A hungry ghost (D:7)
  A black bear (D:7)
  An ogre (D:7)
  2 centaurs (D:5)
  2 orc warriors
  A crimson imp (D:5)
  A giant frog zombie (D:6)
  An orc priest (D:6)
  An iguana (D:5)
  2 hounds
  5 orc wizards
  A worker ant (D:5)
  Ijyb (D:6)
  2 hound skeletons
  9 adders
  A goliath beetle zombie (D:5)
  2 worms
  An adder zombie (D:5)
  A giant eyeball (D:6)
  5 giant geckos
  18 orcs
  A ball python (D:4)
  11 bats
  A giant mite zombie (D:7)
  11 goblins
  9 hobgoblins
  6 kobolds
  2 quokkas (D:5)
  3 giant newts
  A kobold zombie (D:6)
  A quokka skeleton (D:6)
  15 rats
120 creatures vanquished.

Notes
Turn   | Place    | Note
--------------------------------------------------------------
     0 | D:1      | Deemzul, the Octopode Berserker, began the quest for the Orb.
     0 | D:1      | Reached XP level 1. HP: 16/16 MP: 0/0
   139 | D:1      | Reached XP level 2. HP: 13/21 MP: 1/1
   336 | D:1      | Acquired Trog's second power
   603 | D:2      | Reached XP level 3. HP: 18/27 MP: 2/2
   649 | D:2      | Reached skill level 1 in Stealth
   826 | D:2      | Found a blossoming altar of Fedhas.
   859 | D:2      | Reached XP level 4. HP: 11/32 MP: 3/3
  1211 | D:2      | Reached skill level 4 in Axes
  2024 | D:4      | HP: 2/48 [orc/orcish trident (3)]
  2029 | D:4      | Reached XP level 5. HP: 2/37 MP: 4/4
  2032 | D:5      | Entered Level 5 of the Dungeon
  2455 | D:4      | Noticed a phantom
  2458 | D:4      | Reached skill level 5 in Axes
  2625 | D:5      | Noticed a centaur
  2647 | D:5      | Killed a centaur
  2866 | D:5      | Reached XP level 6. HP: 43/43 MP: 5/5
  2877 | D:5      | Reached skill level 6 in Axes
  2902 | D:5      | Noticed a centaur
  2903 | D:5      | Found a staircase to the Ecumenical Temple.
  2907 | D:5      | Killed a centaur
  3095 | D:5      | Reached skill level 7 in Axes
  3112 | D:5      | Reached XP level 7. HP: 22/48 MP: 6/6
  3171 | D:5      | Noticed an ice beast
  3305 | D:4      | Found Ghi Mala's Armour Emporium.
  3596 | D:6      | Found Xepneo's Antique Weapon Shop.
  3715 | D:6      | Found a bloodstained altar of Trog.
  3715 | D:6      | Noticed Ijyb
  3732 | D:6      | Killed Ijyb
  3991 | D:6      | Reached skill level 8 in Axes
  4073 | D:6      | Noticed a hungry ghost
  4160 | D:7      | Noticed Duskembrace's ghost (experienced SpAK)
  4498 | D:7      | Reached XP level 8. HP: 54/54 MP: 7/7
  4561 | D:7      | Noticed a hungry ghost
  4574 | D:7      | Killed a hungry ghost
  4574 | D:7      | Reached skill level 9 in Axes
  4871 | D:7      | Acquired Trog's third power
  4951 | D:7      | Slain by Duskembrace's ghost

Action                   |  1- 3 |  4- 6 |  7- 9 || total
-------------------------+-------+-------+-------++-------
Melee: Hand axe          |    56 |   121 |   152 ||   329
 Fire: Blowgun           |       |       |    24 ||    24
Invok: Trog's Hand       |       |     2 |     2 ||     4
       Berserk           |       |     2 |     6 ||     8
       Brothers in Arms  |       |       |     1 ||     1
Evoke: Wand              |       |       |     6 ||     6
  Use: Scroll            |     5 |     3 |     1 ||     9
       Potion            |       |       |     5 ||     5
 Stab: Sleeping          |     5 |     4 |     1 ||    10
       Paralysed         |       |       |     6 ||     6
